 Dungeon Sprint DCSS version 0.23-a0-644-gb60d84b635 (webtiles) character file.

11675 HereIgoKillingAgain the Imperceptible (level 11, -6/42 HPs)
             Began as a Spriggan Enchanter on Jan 1, 2019.
             Was the Champion of Dithmenos.
             Killed from afar by a white imp (10 damage)
             ... with a puff of frost
             ... summoned by a neqoxec
             ... summoned by a mummy priest
             ... in the Dungeon (Sprint I: "Red Sonja").
             The game lasted 00:09:13 (2035 turns).

HereIgoKillingAgain the Imperceptible (SpEn)        Turns: 2035, Time: 00:09:14

Health: -6/42      AC:  2    Str:  2    XL:     11   Next: 52%
Magic:  6/19       EV: 30    Int: 18    God:    Dithmenos [******]
Gold:   272        SH:  0    Dex: 13    Spells: 19/31 levels left

rFire    . . .     SeeInvis +   a - +1 dagger
rCold    . . .     Gourm    .   (shield restricted)
rNeg     . . .     Faith    .   b - +0 robe
rPois    .         Spirit   .   (helmet restricted)
rElec    .         Reflect  .   (no cloak)
rCorr    .         Harm     .   (gloves unavailable)
MR       +....     Rnd*Rage +   (boots unavailable) Stlth ++++++++++NoTele +
                                (no amulet)
HPRegen  0.14/turn              (no ring)
MPRegen  0.16/turn              (no ring)

@: lethally poisoned (-6 -> -13), mesmerised, hasted, wreathed by umbra, very
quick
A: very small, unfitting armour, hooves 1, see invisible, berserk 3, clumsy 2,
deterioration 2, dopey 1, herbivore, speed 3, frail 3, low mp 3, screaming 3,
slow metabolism 2, weak 1, no potion heal 2, subdued magic 2
a: Shadow Step, Shadow Form, Renounce Religion


You were in the Dungeon.
You worshipped Dithmenos.
Dithmenos was exalted by your worship.
You were not hungry.

You visited 1 branch You collected 1254 gold pieces.
You spent 982 gold pieces at shops.

Inventory:

Hand Weapons
 a - a +1 dagger (weapon)
Armour
 b - a +0 robe (worn)
Wands
 c - a wand of flame (14)
 p - a wand of digging (5)
Scrolls
 j - a scroll of blinking
 q - a scroll of enchant weapon
Potions
 e - 3 potions of curing
 f - a potion of heal wounds
 h - 2 potions of magic
Miscellaneous
 i - a lamp of fire
 k - a phial of floods
Comestibles
 d - 2 rations


   Skills:
 + Level 8.4 Fighting
 - Level 10.3 Short Blades
 + Level 17.7 Dodging
 * Level 22.7 Stealth
 - Level 10.9 Spellcasting
 - Level 11.2 Hexes
 - Level 4.9 Invocations
 + Level 9.2 Evocations


You had 19 spell levels left.
You knew the following spells:

 Your Spells              Type           Power        Failure   Level  Hunger
a - Corona                Hex            ####...      0%          1    None
b - Ensorcelled Hibernat  Hex/Ice        ###...       1%          2    None
c - Confuse               Hex            ####....     1%          3    None
d - Tukima's Dance        Hex            ####....     1%          3    None
e - Dazzling Spray        Conj/Hex       ###...       1%          3    None

Your spell library contained the following spells:

 Spells                   Type           Power        Failure   Level  Hunger


Dungeon Overview and Level Annotations

Branches:
Dungeon (1/1)

Altars:
Cheibriados
Dithmenos
Elyvilon
Fedhas
Gozag
Hepliaklqana
Kikubaaqudgha
Makhleb
Nemelex Xobeh
Okawaru
Qazlal
Ru
Sif Muna
Trog
Uskayaw
Vehumet
Wu Jian
Xom
Yredelemnul
Zin
The Shining One
Jiyva
Lugonu

Shops:
D (*?=*}[

Annotations:
D exclusion: 2 oklob plants


Innate Abilities, Weirdness & Mutations

You are very small and have problems with some larger weapons.
You are too small for most types of armour.
You have supernaturally acute eyesight. (SInv)
You are a herbivore.
You cover ground extremely quickly.
You need to consume almost no food.
You have large cloven feet.
You have an uncontrollable temper.
You are very clumsy. (Dex -4)
Your body often deteriorates upon taking damage.
You are dopey. (Int -2)
You are extremely frail. (-30% HP)
Your magical capacity is extremely low. (-30% MP)
You frequently scream uncontrollably at your foes.
You are weak. (Str -2)
Potions are poor at restoring your health.
Your spells are easier to cast, but less powerful.


Message History

The hornet stings you!
* * * LOW HITPOINT WARNING * * *
You feel yourself slow down. The hornet closely misses you.
The orange demon barely misses you.
Unknown command.
Unknown command.
Aiming: Shadow Step
Press: ? - help, Dir - move target cursor, f - white imp
Aim: a white imp (summoned, umbra)
You step into the white imp's shadow.
Marking area around the oklob plant as unsafe for travelling.
Marking area around the oklob plant as unsafe for travelling.
An oklob plant comes into view.
You feel yourself speed up.
* * * LOW HITPOINT WARNING * * *
You feel sick. The quasit closely misses you. The quasit misses you.
The quasit completely misses you. The white imp gestures at you.
The puff of frost hits you!
You die...

.#+*,###+#,,,*#..#,,,,,*,,,*,,,,*
##,,,*,*,**,,,#..##,,,,*,∩,*,,,,*
°#,,,***,,***,#..≈###+**,,,*,,,,*
.+,,,,,**,*,*,#..4e[#,****+*,,,,*
.#,,,,,*,,***,#)yyy##+*,,,,**,,,*
^#**++**,**,,,#34≈##,,,,,,,,**,,*
##*,,***,,*+###.5≈#,,,,,,,,,,*,,*
#***,,***,,,#P≈5m##,,,,,,,,,,**,*
#,,*,,*,***,#M≈5@#,,,,,,,,,,,,*,*
*,,,,,,,,,*,###..#,,,,,,,,,,,,*,*
*,,,,,,,,,*,*,+..#*,,,,,,,,,,**,*
+,,,,,,****+*,##+#*,,,,,,,,,,*,,*
**,,,***,,,,*,*≈≈≈**,,,,,,,,**,,*
,*****,,,****,*≈≈≈≈**,,,,,,**,,,*
,,,,,,,***,,,,*≈≈≈≈≈********,,,,*
,,,*****,,,,****≈≈≈≈*≈≈≈≈≈*,,,,,*
,,**,,,,,,,,*,,*+≈≈≈+≈≈,≈≈+,,,,,*


You could see a deep elf annihilator, a mummy priest, an oklob plant, an orange
demon, a hellwing, a merfolk siren, 3 hornets, a neqoxec, a quasit, a white imp
and an ufetubus.

Vanquished Creatures
  A hydra (D)
  2 centaur warriors (D)
  Sonja (D)
  A deep troll (D)
  A lindwurm (D)
  8 shining eyes (D)
  A merfolk siren (D)
  2 kobold demonologists (D)
  4 demonic crawlers (D)
  2 hornets (D)
  A slime creature (D)
  Sigmund (D)
  13 hogs (D)
  A yak (D)
  6 floating eyes (D)
  An ogre (D)
  A jelly (D)
  Ijyb (D)
  4 ballistomycetes (D)
  A ballistomycete spore (D)
53 creatures vanquished.

Vanquished Creatures (others)
  A ballistomycete spore (D)
1 creature vanquished.

Grand Total: 54 creatures vanquished

Notes
Turn   | Place    | Note
-------+----------+-------------------------------------------
     0 | D        | HereIgoKillingAgain the Spriggan Enchanter began the quest
                  | for the Orb.
     0 | D        | Reached XP level 1. HP: 9/9 MP: 5/5
     1 | D        | Noticed Ijyb
    25 | D        | Killed Ijyb
    25 | D        | Reached skill level 6 in Stealth
    25 | D        | Reached XP level 2. HP: 5/13 MP: 6/8
    31 | D        | Learned a level 2 spell: Ensorcelled Hibernation
   219 | D        | Noticed an ogre
   222 | D        | Killed an ogre
   222 | D        | Reached skill level 7 in Stealth
   222 | D        | Reached skill level 5 in Spellcasting
   222 | D        | Reached XP level 3. HP: 16/16 MP: 7/11
   222 | D        | Reached XP level 4. HP: 21/21 MP: 7/12
   271 | D        | Noticed Sigmund
   275 | D        | Killed Sigmund
   275 | D        | Reached skill level 9 in Stealth
   275 | D        | Reached XP level 5. HP: 18/24 MP: 10/15
   275 | D        | Reached XP level 6. HP: 22/28 MP: 11/17
   280 | D        | Learned a level 3 spell: Confuse
   284 | D        | Learned a level 3 spell: Tukima's Dance
   288 | D        | Learned a level 3 spell: Dazzling Spray
   354 | D        | Found an ornate altar of the Wu Jian Council.
   354 | D        | Found a deep blue altar of Sif Muna.
   356 | D        | Found a radiant altar of Vehumet.
   360 | D        | Reached skill level 10 in Stealth
   368 | D        | Found a burning altar of Makhleb.
   368 | D        | Found a viscous altar of Jiyva.
   368 | D        | Found a shimmering altar of Xom.
   368 | D        | Found a corrupted altar of Lugonu.
   368 | D        | Noticed a slime creature
   371 | D        | Killed a slime creature
   371 | D        | Reached skill level 11 in Stealth
   384 | D        | Noticed a kobold demonologist
   384 | D        | Noticed a floating eye
   384 | D        | Noticed a kobold demonologist
   386 | D        | Killed a floating eye
   386 | D        | Reached skill level 10 in Dodging
   386 | D        | Reached XP level 7. HP: 32/32 MP: 13/20
   387 | D        | Noticed a chaos spawn
   389 | D        | Noticed an ice devil
   390 | D        | Noticed a rust devil
   390 | D        | Killed a kobold demonologist
   390 | D        | Reached skill level 12 in Stealth
   405 | D        | Noticed a sun demon
   666 | D        | Noticed a demonic crawler
   666 | D        | Noticed a demonic crawler
   666 | D        | Noticed a demonic crawler
   666 | D        | Noticed a demonic crawler
   668 | D        | Killed a demonic crawler
   668 | D        | Reached skill level 10 in Hexes
   668 | D        | Reached XP level 8. HP: 36/36 MP: 22/22
   669 | D        | Killed a demonic crawler
   669 | D        | Reached skill level 13 in Stealth
   669 | D        | Reached skill level 10 in Spellcasting
   671 | D        | Killed a demonic crawler
   672 | D        | Killed a demonic crawler
   688 | D        | Noticed a lindwurm
   690 | D        | Killed a lindwurm
   690 | D        | Reached skill level 10 in Short Blades
   690 | D        | Reached skill level 15 in Stealth
   690 | D        | Reached XP level 9. HP: 42/42 MP: 24/24
   700 | D        | Noticed a gargoyle
   733 | D        | Noticed a centaur warrior
   758 | D        | Found Bamiur's Jewellery Emporium.
   758 | D        | Found an ancient bone altar of Kikubaaqudgha.
   758 | D        | Found a hazy altar of Hepliaklqana.
   758 | D        | Found a stormy altar of Qazlal.
   758 | D        | Found a hide-covered altar of Uskayaw.
   758 | D        | Found a blossoming altar of Fedhas.
   758 | D        | Found a bloodstained altar of Trog.
   758 | D        | Found an iron altar of Okawaru.
   758 | D        | Found a basalt altar of Yredelemnul.
   758 | D        | Found a glowing golden altar of the Shining One.
   758 | D        | Found a snail-covered altar of Cheibriados.
   758 | D        | Found a sacrificial altar of Ru.
   758 | D        | Found a glowing silver altar of Zin.
   758 | D        | Found a shadowy altar of Dithmenos.
   758 | D        | Found a white marble altar of Elyvilon.
   759 | D        | Found an opulent altar of Gozag.
   761 | D        | Found a sparkling altar of Nemelex Xobeh.
   769 | D        | Became a worshipper of Dithmenos the Shadowed
   781 | D        | Noticed Sonja
   785 | D        | Killed Sonja
   785 | D        | Reached skill level 16 in Stealth
   802 | D        | Noticed a deep troll
   804 | D        | Found Koweiw's Armour Emporium.
   806 | D        | Killed a deep troll
   806 | D        | Reached skill level 17 in Stealth
   818 | D        | Killed a kobold demonologist
   818 | D        | Reached * piety under Dithmenos
   821 | D        | Noticed a centaur warrior
   828 | D        | Killed a centaur warrior
   828 | D        | Reached skill level 5 in Fighting
   828 | D        | Reached skill level 15 in Dodging
   828 | D        | Reached skill level 18 in Stealth
   828 | D        | Reached XP level 10. HP: 51/51 MP: 15/25
   834 | D        | Killed a centaur warrior
   834 | D        | Reached skill level 19 in Stealth
   864 | D        | Reached ** piety under Dithmenos
   869 | D        | Noticed an oklob plant
   884 | D        | HP: 2/53 [something (31)]
  1218 | D        | Found Egrausk's Antique Weapon Boutique.
  1228 | D        | Noticed a shining eye
  1228 | D        | Noticed a shining eye
  1228 | D        | Noticed a shining eye
  1228 | D        | Noticed a shining eye
  1228 | D        | Noticed a shining eye
  1228 | D        | Noticed a shining eye
  1231 | D        | Noticed a shining eye
  1231 | D        | Noticed a shining eye
  1232 | D        | Killed a shining eye
  1236 | D        | Killed a shining eye
  1237 | D        | Paralysed by a floating eye for 3 turns
  1241 | D        | Killed a shining eye
  1241 | D        | Reached *** piety under Dithmenos
  1241 | D        | Reached skill level 20 in Stealth
  1246 | D        | Paralysed by a floating eye for 4 turns
  1256 | D        | Killed a shining eye
  1259 | D        | Gained mutation: Your body sometimes deteriorates upon
                  | taking damage. [a shining eye]
  1267 | D        | Killed a shining eye
  1267 | D        | Reached skill level 5 in Evocations
  1268 | D        | Paralysed by a floating eye for 4 turns
  1269 | D        | Gained mutation: You are dopey. (Int -2) [a shining eye]
  1269 | D        | Gained mutation: You are very dopey. (Int -4) [a shining
                  | eye]
  1270 | D        | Gained mutation: You are frail. (-10% HP) [a shining eye]
  1278 | D        | Paralysed by a floating eye for 3 turns
  1278 | D        | Gained mutation: Your magical capacity is low. (-10% MP) [a
                  | shining eye]
  1280 | D        | Gained mutation: Your body often deteriorates upon taking
                  | damage. [a shining eye]
  1283 | D        | Gained mutation: Your magical capacity is very low. (-20%
                  | MP) [a shining eye]
  1283 | D        | Gained mutation: You are clumsy. (Dex -2) [a shining eye]
  1285 | D        | Gained mutation: You are very frail. (-20% HP) [a shining
                  | eye]
  1287 | D        | Paralysed by a floating eye for 3 turns
  1288 | D        | Gained mutation: You tend to lose your temper in combat. [a
                  | shining eye]
  1290 | D        | Gained mutation: You are very clumsy. (Dex -4) [a shining
                  | eye]
  1291 | D        | Gained mutation: Your magical capacity is extremely low.
                  | (-30% MP) [a shining eye]
  1291 | D        | Gained mutation: Your spells are a little easier to cast,
                  | but a little less powerful. [a shining eye]
  1292 | D        | Reached **** piety under Dithmenos
  1293 | D        | Paralysed by a floating eye for 4 turns
  1294 | D        | Gained mutation: You are extremely frail. (-30% HP) [a
                  | shining eye]
  1294 | D        | Gained mutation: Armour fits poorly on your strangely
                  | shaped body. [a shining eye]
  1297 | D        | Gained mutation: Your spells are easier to cast, but less
                  | powerful. [a shining eye]
  1298 | D        | Gained mutation: You often lose your temper in combat. [a
                  | shining eye]
  1307 | D        | Gained mutation: You are weak. (Str -2) [a shining eye]
  1310 | D        | Lost strength.
  1310 | D        | Gained mutation: You are very weak. (Str -4) [a shining
                  | eye]
  1313 | D        | Lost mutation: Armour fits poorly on your strangely shaped
                  | body. [potion of mutation]
  1313 | D        | Lost mutation: You are extremely frail. (-30% HP) [potion
                  | of mutation]
  1313 | D        | Lost mutation: You are very dopey. (Int -4) [potion of
                  | mutation]
  1313 | D        | Lost mutation: Your spells are easier to cast, but less
                  | powerful. [potion of mutation]
  1316 | D        | Gained mutation: You occasionally shout uncontrollably at
                  | your foes. [a shining eye]
  1317 | D        | Lost mutation: You often lose your temper in combat. [a
                  | shining eye]
  1318 | D        | Killed a shining eye
  1318 | D        | Reached skill level 21 in Stealth
  1318 | D        | Reached XP level 11. HP: 40/46 MP: 19/19
  1319 | D        | Gained mutation: Armour fits poorly on your strangely
                  | shaped body. [a shining eye]
  1320 | D        | Gained mutation: Your spells are easier to cast, but less
                  | powerful. [a shining eye]
  1322 | D        | Gained mutation: Potions are less effective at restoring
                  | your health. [a shining eye]
  1324 | D        | Gained mutation: You often lose your temper in combat. [a
                  | shining eye]
  1326 | D        | Lost mutation: Your spells are easier to cast, but less
                  | powerful. [a shining eye]
  1330 | D        | Gained mutation: You sometimes yell uncontrollably at your
                  | foes. [a shining eye]
  1337 | D        | Gained mutation: You are extremely frail. (-30% HP) [a
                  | shining eye]
  1348 | D        | Gained mutation: You have an uncontrollable temper. [a
                  | shining eye]
  1349 | D        | Gained mutation: Your spells are easier to cast, but less
                  | powerful. [a shining eye]
  1352 | D        | Gained mutation: Potions are poor at restoring your health.
                  | [a shining eye]
  1355 | D        | Gained mutation: You are very dopey. (Int -4) [a shining
                  | eye]
  1359 | D        | Killed a shining eye
  1363 | D        | Gained mutation: You do not regenerate when monsters are
                  | visible. [a shining eye]
  1366 | D        | Gained mutation: You frequently scream uncontrollably at
                  | your foes. [a shining eye]
  1370 | D        | Killed a shining eye
  1392 | D        | Lost mutation: You are very dopey. (Int -4) [potion of
                  | mutation]
  1392 | D        | Lost mutation: Armour fits poorly on your strangely shaped
                  | body. [potion of mutation]
  1392 | D        | Lost mutation: You do not regenerate when monsters are
                  | visible. [potion of mutation]
  1392 | D        | Lost mutation: You are very weak. (Str -4) [potion of
                  | mutation]
  1392 | D        | Gained mutation: You have large cloven feet. [potion of
                  | mutation]
  1409 | D        | Found Recva's Assorted Antiques.
  1409 | D        | Found Nuadal's Magic Scroll Emporium.
  1409 | D        | Found Ycsyuh's Gadget Boutique.
  1410 | D        | Found Ontalul's General Store.
  1416 | D        | Bought a scroll of identify for 22 gold pieces
  1428 | D        | Bought a lamp of fire for 480 gold pieces
  1428 | D        | Bought a phial of floods for 480 gold pieces
  1475 | D        | Reached ***** piety under Dithmenos
  1509 | D        | Reached skill level 22 in Stealth
  1516 | D        | Reached ****** piety under Dithmenos
  1557 | D        | Noticed a 12-headed hydra
  1885 | D        | Killed a 12-headed hydra
  2021 | D        | Noticed a deep elf annihilator
  2022 | D        | Noticed a mummy priest
  2035 | D        | Noticed an oklob plant
  2035 | D        | Killed from afar by a white imp

Vault maps used:
D:        dungeon_sprint_1

Skill      XL: |  1  2  3  4  5  6  7  8  9 10 11 |
---------------+----------------------------------+-----
Short Blades   | 2 4 6 7 8 10 | 10.3
Dodging        | 4 6 8 10 11 13 15 16 17 | 17.7
Stealth        | 6 7 9 11 12 15 18 21 22 | 22.7
Spellcasting   | 4 5 7 8 9 10 | 10.9
Hexes          | 4 6 7 9 10 11 | 11.2
Fighting       | 2 5 7 8 |  8.4
Invocations    | 3 4 |  4.9
Evocations     | 6 9 |  9.2

Action                   |  1- 3 |  4- 6 |  7- 9 | 10-12 || total
-------------------------+-------+-------+-------+-------++-------
Melee: Dagger            |    23 |     3 |    16 |   233 ||   275
       Kick              |       |       |       |     9 ||     9
 Cast: Ensorcelled Hiber |     1 |     1 |     5 |     4 ||    11
       Dazzling Spray    |       |     1 |     5 |     6 ||    12
       Confuse           |       |       |       |     1 ||     1
       Corona            |       |       |       |     1 ||     1
Invok: Shadow Step       |       |       |       |     2 ||     2
Evoke: Wand              |       |       |       |    15 ||    15
       Lamp of fire      |       |       |       |     2 ||     2
       Phial of floods   |       |       |       |     1 ||     1
  Use: Potion            |       |       |       |     7 ||     7
       Scroll            |       |       |       |     2 ||     2
 Stab: Sleeping          |     2 |     3 |    10 |     7 ||    22
       Invisible         |       |       |     3 |     3 ||     6
Armor: Robe              |       |       |     1 |     5 ||     6
Dodge: Dodged            |    16 |       |    21 |    88 ||   125

Table legend:
 A = Non-vault XP
 B = Vault XP
 C = Vault XP percentage of total XP
 D = Non-vault monster count
 E = Vault monster count
 F = Vault count percentage of total count
                 A         B        C        D         E       F
            +---------+---------+-------+---------+---------+-------
      Total |       0 |   16679 | 100.0 |       0 |      48 | 100.0
            +---------+---------+-------+---------+---------+-------
          D |       0 |   16679 | 100.0 |       0 |      48 | 100.0
            +---------+---------+-------+---------+---------+-------
